 Dungeon Crawl Stone Soup version 0.26.1-11-gd32895ea62 (webtiles) character file.

Game seed: 4312380771805413176

2524 Almogavar the Cleaver (level 9, -9/79 HPs)
             Began as a Hill Orc Abyssal Knight on May 13, 2021.
             Was an Elder of Lugonu.
             Mangled by Harold
             ... wielding a +0 long sword
              (11 damage)
             ... on level 7 of the Dungeon.
             The game lasted 00:21:22 (8447 turns).

Almogavar the Cleaver (Hill Orc Abyssal Knight)     Turns: 8447, Time: 00:21:23

Health: -9/79      AC:  9    Str: 18    XL:     9   Next: 54%
Magic:  11/11      EV: 12    Int: 12    God:    Lugonu [****..]
Gold:   358        SH:  0    Dex: 10    Spells: 8/8 levels left

rFire    . . .     SeeInvis +   a - +1 hand axe
rCold    . . .     Faith    .   (no shield)
rNeg     . . .     Spirit   .   d - +1 ring mail (curse)
rPois    .         Reflect  .   (no helmet)
rElec    .         Harm     .   t - +0 cloak
rCorr    .         Rampage  .   (no gloves)
Will     .....                  q - +0 pair of boots
Stlth    +.........             (no amulet)
HPRegen  0.23/turn              h - +4 ring of slaying
MPRegen  0.12/turn              y - ring of see invisible

@: no status effects
A: no striking features
a: Renounce Religion, Depart the Abyss, Bend Space, Banish, Corrupt


You were on level 7 of the Dungeon.
You worshipped Lugonu.
Lugonu was greatly pleased with you.
You visited 1 branch of the dungeon, and saw 7 of its levels.
You visited the Abyss 1 time.
You also visited: Ossuary.

You collected 358 gold pieces.

Inventory:

Hand Weapons
 a - a +1 hand axe (weapon)
 r - a +0 triple crossbow
 x - a +1 vorpal spear
Missiles
 b - 5 curare-tipped darts
 k - 31 poisoned darts (quivered)
 z - 4 atropa-tipped darts
Armour
 d - a cursed +1 ring mail (worn)
 j - a +0 chain mail
 q - a +0 pair of boots (worn)
 t - a +0 cloak (worn)
Jewellery
 h - a +4 ring of slaying (left hand)
 y - a ring of see invisible (right hand)
Wands
 i - a wand of enslavement (8)
 B - a wand of paralysis (10)
Scrolls
 e - 4 scrolls of enchant armour
 f - 2 scrolls of remove curse
 l - 2 scrolls of amnesia
 m - a scroll of teleportation
 v - 2 scrolls of enchant weapon
 w - a scroll of brand weapon {unknown}
 A - a scroll of blinking
Potions
 c - 3 potions of lignification
 g - 7 potions of curing
 n - a potion of brilliance {unknown}
 p - 2 potions of haste
 s - a potion of flight {unknown}
 u - a potion of degeneration {unknown}


   Skills:
 + Level 7.3 Fighting
 + Level 11.6 Axes
 + Level 0.6 Throwing
 + Level 6.2 Armour
 + Level 3.4 Dodging
 + Level 1.0 Stealth
 + Level 2.9 Invocations
 + Level 0.1 Evocations


You had 8 spell levels left.
You didn't know any spells.
Your spell library contained the following spells:

 Spells                   Type           Power        Failure   Level
 Magic Dart               Conj           0%           50%         1
 Blink                    Tloc           N/A          63%         2
 Call Imp                 Summ           0%           63%         2
 Slow                     Hex            0%           63%         2
 Conjure Flame            Conj/Fire      0%           86%         3
 Mephitic Cloud           Conj/Pois/Air  0%           86%         3


Dungeon Overview and Level Annotations

Branches:
Dungeon (7/15)             Temple (0/1) D:4         Ossuary (visited)

Altars:
Ashenzari
Cheibriados
Dithmenos
Elyvilon
Fedhas
Gozag
Hepliaklqana
Yredelemnul
Zin
The Shining One

Annotations:
D:7 Harold


Message History

You barely resist. You hit Harold.
Harold is heavily wounded.
You hit Harold.
Harold is heavily wounded.
Harold hits you with a +0 long sword!
* * * LOW HITPOINT WARNING * * *
You hit Harold but do no damage.
Harold is heavily wounded.
You hit Harold but do no damage.
Harold is heavily wounded.
Harold hits you with a +0 long sword.
* * * LOW HITPOINT WARNING * * *
You feel better. Harold hits you with a +0 long sword!
* * * LOW HITPOINT WARNING * * *
Okay, then.
Press: ? - help, Shift-Dir - straight line, f - Harold
Aim: Harold, wielding a +0 long sword and wearing a +2 chain mail of fire resistance (heavily wounded, chance to affect: 50%)
You fail to use your ability.
Harold hits you with a +0 long sword!
You die...

...............# #.#
###)##.#######.# #.#
#.##.#######.# #.#
#.##.......#<#######.#
###.##.#####.>.........#
............)........<(#
###.##.##......(.....(.##
#.##.##.###(รท.........#
#.##.##.# #..@@.......#
#.##.###...(.....#.#
#................#.#
####.###.........#.# #.#
#.........#.#
...##........#
..####..####### #. #..#
#..#


You could see Harold.

Vanquished Creatures
  A gargoyle (D:7)
  An ice beast (D:5)
  A sky beast (D:5)
  5 ogres
  2 centaurs
  A bullfrog (D:6)
  2 scorpions (D:4)
  A water moccasin skeleton (D:5)
  5 wights (D:6)
  A howler monkey (D:4)
  A human zombie (Ossuary)
  3 orc priests
  Crazy Yiuf (D:4)
  3 hounds
  4 bullfrog skeletons
  An iguana (D:4)
  5 orc wizards
  5 worker ants
  A hound skeleton (D:5)
  3 mummies (Ossuary)
  A howler monkey skeleton (D:5)
  7 gnolls
  10 adders
  2 shadow imps
  A white imp (D:5)
  An ooze (D:2)
  3 adder zombies (Ossuary)
  2 adder skeletons (D:4)
  5 worms
  3 dart slugs
  4 leopard geckos
  21 orcs
  4 giant cockroaches
  9 goblins
  10 hobgoblins
  6 jackals
  9 kobolds
  3 quokkas
  6 bats
  4 frilled lizards
  2 hobgoblin zombies (Ossuary)
  A jackal zombie (D:7)
  5 kobold zombies (Ossuary)
  A quokka skeleton (D:4)
  4 quokka zombies
  14 rats
  4 rat zombies (Ossuary)
189 creatures vanquished.

Vanquished Creatures (others)
  A quokka (D:4)
1 creature vanquished.

Grand Total: 190 creatures vanquished

Notes
Turn   | Place    | Note
-------+----------+-------------------------------------------
     0 | Abyss:1  | Almogavar the Hill Orc Abyssal Knight began the quest for
                  | the Orb.
     0 | Abyss:1  | Reached XP level 1. HP: 19/19 MP: 2/2
    13 | D:1      | Escaped the Abyss
   180 | D:1      | Reached skill level 3 in Axes
   180 | D:1      | Reached XP level 2. HP: 25/27 MP: 3/3
   629 | D:2      | Reached ** piety under Lugonu
   630 | D:2      | Reached XP level 3. HP: 32/33 MP: 3/5
   766 | D:2      | Reached XP level 4. HP: 41/41 MP: 6/6
   851 | D:2      | Reached skill level 4 in Axes
  2031 | D:3      | Reached *** piety under Lugonu
  2032 | D:3      | Reached XP level 5. HP: 10/47 MP: 7/7
  2033 | D:3      | Reached skill level 5 in Axes
  2349 | D:3      | Noticed an ogre
  2730 | D:2      | Reached skill level 1 in Dodging
  2785 | D:2      | Killed an ogre
  2786 | D:2      | Reached skill level 5 in Fighting
  2786 | D:2      | Reached XP level 6. HP: 26/56 MP: 8/8
  3111 | D:3      | Found a glowing silver altar of Zin.
  3160 | D:3      | Reached skill level 6 in Axes
  3242 | D:3      | Found a blossoming altar of Fedhas.
  3242 | D:3      | Found a basalt altar of Yredelemnul.
  3277 | D:3      | Found a broken altar of Ashenzari.
  3564 | D:3      | Found a snail-covered altar of Cheibriados.
  3619 | D:3      | Found a glowing golden altar of the Shining One.
  3872 | D:4      | Reached XP level 7. HP: 27/61 MP: 9/9
  4064 | D:4      | Reached skill level 7 in Axes
  4175 | D:4      | Found a white marble altar of Elyvilon.
  4543 | D:4      | Reached **** piety under Lugonu
  4833 | D:4      | Found a staircase to the Ecumenical Temple.
  4841 | D:4      | Reached skill level 5 in Armour
  5098 | D:4      | Found a runed translucent door.
  5099 | D:4      | Noticed Crazy Yiuf
  5212 | D:4      | Killed Crazy Yiuf
  5307 | D:5      | Entered Level 5 of the Dungeon
  5311 | D:5      | Found a sand-covered staircase.
  5315 | D:5      | Reached skill level 8 in Axes
  5316 | D:5      | Reached XP level 8. HP: 69/70 MP: 10/10
  5326 | Ossuary  | Entered an ossuary
  5789 | D:5      | Found a shadowy altar of Dithmenos.
  5792 | D:5      | Reached skill level 9 in Axes
  6012 | D:5      | Reached skill level 10 in Axes
  6445 | D:5      | Found a hazy altar of Hepliaklqana.
  6568 | D:6      | Reached XP level 9. HP: 51/78 MP: 11/11
  6999 | D:6      | Found an opulent altar of Gozag.
  7125 | D:6      | Reached skill level 11 in Axes
  7176 | D:6      | Reached skill level 1 in Stealth
  7559 | D:7      | Noticed a gargoyle
  7586 | D:7      | Killed a gargoyle
  7983 | D:7      | Reached ***** piety under Lugonu
  7984 | D:7      | Noticed Harold
  8446 | D:7      | HP: 2/79 [Harold/+0 long sword (16)]
  8447 | D:7      | Mangled by Harold

Illustrated notes

Levels and vault maps discovered:
D:1:      mrwooster_arrival_statue_2, layout_rooms
D:2:      layout_basic
D:3:      layout_basic, nicolae_tso_swordbearing_angel, general_overflow_altar,
          kennysheep_slug_shrine, zin_academy,
          chequers_temple_overflow_statue_of_worship, minmay_misc_feat_five
D:4:      minmay_recursive_quarters, layout_loops_ring, elyvilon_altar_4,
          minmay_temple_entry_proselytizer, uniq_crazy_yiuf_cottage
D:5:      layout_basic, marbit_many_paths, grunt_dithmenos_smoke_and_mirrors,
          nicolae_ossuary_entry_monument
D:6:      layout_basic, kennysheep_little_box, minmay_starry_boxes
D:7:      layout_loops_ring, uniq_maggie, uniq_harold

Skill      XL: |  1  2  3  4  5  6  7  8  9 |
---------------+----------------------------+-----
Axes           | 3 4 5 6 8 10 11 | 11.6
Fighting       | 4 5 6 7 |  7.3
Armour         | 3 4 5 6 |  6.2
Dodging        | 1 3 |  3.4
Stealth        | 1 |  1.0
Throwing       | |  0.6
Invocations    | |  2.9
Evocations     | |  0.1

Action                   |  1- 3 |  4- 6 |  7- 9 || total
-------------------------+-------+-------+-------++-------
Melee: Hand axe          |    69 |   139 |   345 ||   553
Throw: Dart              |       |     3 |       ||     3
Invok: Bend Space        |       |       |     1 ||     1
Evoke: Wand              |       |       |     2 ||     2
  Use: Scroll            |     1 |     5 |     8 ||    14
       Potion            |       |       |     4 ||     4
Armor: Leather armour    |     6 |       |       ||     6
       Ring mail         |    11 |    49 |    84 ||   144
Dodge: Dodged            |    38 |    74 |   164 ||   276
